Cogmind - Beta 13 X1 @@@ ROGUE MODE // 2024.04.04 @ 12:32:39 Player: Exp. Geonium Core Result: Destroyed by 8R-AWN with 8R-AWN's Boregun Performance ------------- Evolutions (1) 500 Regions Visited (5) 1000 Robots Destroyed (40) 200 Value Destroyed (881) 881 Prototype IDs (25) 500 Alien Tech Used (0) 0 Bonus (395) 395 TOTAL SCORE: 3476 Bonus ------- High Alert Combat Kills 35 Follower Combat Kills 60 Aligned with FarCom 300 Cogmind --------- Core Integrity 0/400 Matter 195/300 Energy 100/100 System Corruption 0% Temperature Cool (0) Movement Core (350) Ox6 Location -9/Exiles Parts ------- > --- POWER (1) -------- (None) > --- PROPULSION (3) --- (None) > --- UTILITY (3) ------ Large Storage Unit Improved Targeting Computer Improved Targeting Computer > --- WEAPON (2) ------- Light Assault Rifle > --- INVENTORY (15) --- Structural Scanner Structural Scanner Visual Processing Unit Grenade Launcher Rocket Launcher Peak State ------------ > --- POWER ------------ Light Nuclear Core > --- PROPULSION ------- Improved Treads Improved Treads Improved Treads > --- UTILITY ---------- Large Storage Unit Machine Analyzer Improved Targeting Computer > --- WEAPON ----------- Light Assault Rifle Heavy Assault Rifle > --- INVENTORY -------- Nuclear Core Nuclear Core Light Fission Core Improved Treads Improved Treads Improved Treads Improved Treads Structural Scanner Structural Scanner Visual Processing Unit Improved Targeting Computer Light Assault Rifle Light Assault Rifle Grenade Launcher Rocket Launcher [Rating: 21] Favorites ----------- Power Ion Engine Engine Ion Engine Power Core Light Nuclear Core Propulsion Improved Treads Treads Improved Treads Leg Aluminum Leg Utility Large Storage Unit Device Structural Scanner Storage Large Storage Unit Processor Machine Analyzer Weapon Assault Rifle Ballistic Gun Assault Rifle Launcher Grenade Launcher Build | -11 -10 -10 -9 -9 -9 ------- Run | Jun Mat Min Mat Min Exi Slots Evolved 2 | . . . 2 . . Power . | . . . . . . Propulsion 1 | . . . 1 . . Utility 1 | . . . 1 . . Weapon . | . . . . . . Parts Attached 38 | . 15 1 9 . 13 Power 2 | . 1 . 1 . . Engine 1 | . 1 . . . . Core 1 | . . . 1 . . Reactor . | . . . . . . Propulsion 12 | . 4 . 4 . 4 Treads 9 | . 2 . 3 . 4 Leg 3 | . 2 . 1 . . Wheel . | . . . . . . Hover . | . . . . . . Flight . | . . . . . . Utility 6 | . 3 . 1 . 2 Device 1 | . 1 . . . . Storage 1 | . 1 . . . . Processor 4 | . 1 . 1 . 2 Hackware . | . . . . . . Protection . | . . . . . . Artifact . | . . . . . . Weapon 18 | . 7 1 3 . 7 Energy Gun . | . . . . . . Energy Cannon . | . . . . . . Ballistic Gun 13 | . 4 1 2 . 6 Ballistic Cannon . | . . . . . . Launcher 5 | . 3 . 1 . 1 Special Weapon . | . . . . . . Impact Weapon . | . . . . . . Slashing Weapon . | . . . . . . Piercing Weapon . | . . . . . . Special Melee Weapon . | . . . . . . Unidentified Prototypes . | . . . . . . Parts Lost 13 | . . 2 . . 11 Power 2 | . . 1 . . 1 Propulsion 7 | . . . . . 7 Utility . | . . . . . . Weapon 4 | . . 1 . . 3 Highest Loss Streak 8 | . . 1 . . 8 To Critical Strikes 10 | . . . . . 10 Average Slot Usage (%) 93 | . 98 85 85 100 94 Engine 5 | . 14 1 . . . Core 3 | . . . 2 11 8 Treads 24 | . 16 28 26 33 30 Leg 4 | . 11 . 6 . . Device 9 | . 8 14 11 11 4 Storage 12 | . 14 14 11 11 11 Processor 7 | . 3 . 6 11 17 Ballistic Gun 23 | . 24 27 21 22 20 Launcher 1 | . 3 . . . . Naked Turns . | . . . . . . Heaviest Build 31 | 11 31 30 28 28 29 Greatest Support 69 | 20 40 40 69 69 69 Greatest Overweight (x) . | . . . . . . Average Overweight (x) . | . . . . . . Largest Inventory Capacity 15 | . 15 15 15 15 15 Average Capacity 13 | . 11 15 15 15 15 Most Carried 15 | . 12 15 15 15 15 Average Carried 11 | . 8 13 14 15 12 Final Capacity 15 | 8 15 15 15 15 15 Final Carried 15 | 6 12 14 15 15 5 Class Distribution -------------------- 100% | Mutant Dominant Class ---------------- Mutant | -10/Materials Mutant | -10/Mines Mutant | -9/Materials Mutant | -9/Mines Mutant | -9/Exiles Resources | -11 -10 -10 -9 -9 -9 ----------- Run | Jun Mat Min Mat Min Exi Matter Collected 1150 | 197 462 173 118 . 200 Remotely . | . . . . . . Salvage Created 1065 | . 598 241 181 45 . Parts 85 | . 42 17 17 9 . Haulers Intercepted . | . . . . . . Recyclers Shooed 2 | . 2 . . . . Parts Field Recycled . | . . . . . . Retrieved Matter . | . . . . . . Parts Self-Destructed . | . . . . . . Prevented . | . . . . . . Kills | -11 -10 -10 -9 -9 -9 ------- Run | Jun Mat Min Mat Min Exi Combat Hostiles Destroyed 32 | . 15 4 6 3 4 Guns 16 | . 6 4 3 3 . AOE 16 | . 9 . 3 . 4 Classes Destroyed 11 | . 7 2 1 . 1 Worker 1 | . 1 . . . . Builder 1 | . . 1 . . . Tunneler 1 | . . 1 . . . Recycler 1 | . 1 . . . . Mechanic 2 | . 1 . 1 . . Operator 2 | . 2 . . . . Watcher 4 | . 3 . 1 . . Swarmer 13 | . 6 . 4 3 . Grunt 14 | . 9 4 1 . . Sentry 1 | . . . 1 . . Assembled 4 | . . . . . 4 Best Kill Streak 5 | . 5 3 3 3 4 Combat Bots Only 4 | . 3 2 3 3 4 Max Kills in Single Turn 3 | . 2 1 2 1 3 Gunslinging . | . . . . . . Exploded 3 | . 2 . 2 . 3 Melee . | . . . . . . Uniques/NPCs Destroyed . | . . . . . . Combat | -11 -10 -10 -9 -9 -9 -------- Run | Jun Mat Min Mat Min Exi Damage Taken 2702 | . 435 471 201 31 1564 Core 547 | . 61 85 36 . 365 Absorbed by Shields . | . . . . . . Core Remaining (%) 70 | 100 . 41 . . . Volleys Fired 168 | . 50 27 28 4 59 Largest 2 | . 2 2 2 2 2 Hottest 43 | . 40 40 40 40 43 Shots Fired 306 | . 88 52 54 8 104 Gun 289 | . 76 52 52 8 101 Cannon . | . . . . . . Launcher 17 | . 12 . 2 . 3 Special . | . . . . . . Kinetic 289 | . 76 52 52 8 101 Thermal . | . . . . . . Explosive 17 | . 12 . 2 . 3 Electromagnetic . | . . . . . . Robot Hit Streak 36 | . 14 13 10 5 36 Robot Miss Streak 6 | . 6 2 3 1 3 Penetration Max . | . . . . . . Secondary Targets 1 | . . 1 . . . Max Gunslinging Chain 1 | . . 1 . . . Shots Hit Robots 225 | . 53 40 36 5 91 Core Hits 97 | . 38 12 15 5 27 Critical Kills . | . . . . . . Critical Parts Destroyed . | . . . . . . Critical Strikes . | . . . . . . Melee Attacks . | . . . . . . Impact . | . . . . . . Slashing . | . . . . . . Piercing . | . . . . . . Sneak Attacks . | . . . . . . Combat Hostiles . | . . . . . . Follow-up Attacks . | . . . . . . Damage Inflicted 3406 | . 1263 503 544 36 1060 Guns 2218 | . 578 487 320 36 797 Cannons . | . . . . . . Explosions 1159 | . 672 . 224 . 263 Melee . | . . . . . . Ramming 29 | . 13 16 . . . Kinetic 2218 | . 578 487 320 36 797 Thermal . | . . . . . . Explosive 1159 | . 672 . 224 . 263 Electromagnetic . | . . . . . . Impact . | . . . . . . Slashing . | . . . . . . Piercing . | . . . . . . Highest Corruption . | . . . . . . Average Corruption . | . . . . . . Corruption Purged . | . . . . . . Corruption Blocked . | . . . . . . Overload Shots . | . . . . . . Overflow Damage 40 | . 37 . 3 . . Projectiles . | . . . . . . Explosions 40 | . 37 . 3 . . Melee . | . . . . . . Knockbacks . | . . . . . . Impact . | . . . . . . Kinetic . | . . . . . . Secondary . | . . . . . . Self-Inflicted Damage 154 | . 93 . . . 61 Shots 7 | . 4 . . . 3 Rammed 4 | . 1 2 1 . . Targets Rammed 6 | . 2 3 1 . . Kicked . | . . . . . . Crushed 2 | . 1 1 . . . Highest Temperature 20 | . 20 15 8 . . Average Temperature 5 | . 5 6 7 . . Received Heat Transfer 510 | . 144 309 57 . . Siege Activations . | . . . . . . Robots Corrupted . | . . . . . . Combat Hostiles . | . . . . . . Parts Fried . | . . . . . . Impact Corruptions . | . . . . . . Robots Melted . | . . . . . . Combat Hostiles . | . . . . . . Parts Melted . | . . . . . . Heat Transferred . | . . . . . . Parts Sabotaged . | . . . . . . Parts Stolen . | . . . . . . Parts Stripped . | . . . . . . Power Chain Reactions . | . . . . . . Missiles Intercepted . | . . . . . . Alert | -11 -10 -10 -9 -9 -9 ------- Run | Jun Mat Min Mat Min Exi Peak Influence 493 | . 493 238 380 151 . Initial 138 | . . 138 14 81 . Average 233 | . 339 146 159 97 . Maximum Alert Level 2 | . 2 1 1 . . Low Security (%) 43 | . 11 62 66 100 . Level 1 42 | . 57 37 33 . . Level 2 14 | . 30 . . . . Level 3 . | . . . . . . Level 4 . | . . . . . . Level 5 . | . . . . . . High Security . | . . . . . . Max Security . | . . . . . . Squads Dispatched 4 | . 3 . 1 . . Investigation 2 | . 2 . . . . Extermination . | . . . . . . Reinforcement 2 | . 1 . 1 . . Assault . | . . . . . . Garrison . | . . . . . . Intercept . | . . . . . . Searches Triggered . | . . . . . . Construction Impeded . | . . . . . . Haulers Reinforced . | . . . . . . Active Scanning Responses . | . . . . . . Cargo Convoy Interrupts . | . . . . . . Stealth | -11 -10 -10 -9 -9 -9 --------- Run | Jun Mat Min Mat Min Exi Distress Signals 5 | . 2 . 3 . . Communications Jammed . | . . . . . . Distress Signals . | . . . . . . Times Spotted 57 | . 25 4 19 3 6 Peak Tracking Total 9 | . 4 2 5 2 9 Tactical Retreats 2 | . . . 2 . . Traps | -11 -10 -10 -9 -9 -9 ------- Run | Jun Mat Min Mat Min Exi Traps Triggered 3 | . 3 . . . . Indirectly . | . . . . . . Trap Hack Attempts . | . . . . . . Triggered . | . . . . . . Disarmed . | . . . . . . Reprogrammed . | . . . . . . Reused 1 | . . 1 . . . Traps Extracted . | . . . . . . Installed 1 | . . 1 . . . Triggered 1 | . . 1 . . . Most Traps Carried 4 | . . 4 3 2 2 Machines | -11 -10 -10 -9 -9 -9 ---------- Run | Jun Mat Min Mat Min Exi Machines Disabled 9 | . 5 . . . 4 Max in Single Turn 3 | . 3 . . . 2 Machines Repaired . | . . . . . . Machines Sabotaged . | . . . . . . Overloaded Fab Kills . | . . . . . . Hacking | -11 -10 -10 -9 -9 -9 --------- Run | Jun Mat Min Mat Min Exi Machines Accessed 6 | . 5 . . . 1 Terminals 4 | . 4 . . . . Fabricators . | . . . . . . Repair Stations . | . . . . . . Recycling Units 1 | . 1 . . . . Scanalyzers . | . . . . . . Garrison Access . | . . . . . . Total Hacks 12 | . 11 . . . 1 Successful 5 | . 4 . . . 1 Failed 7 | . 7 . . . . Catastrophic 1 | . 1 . . . . Database Lockouts . | . . . . . . Manual 5 | . 4 . . . 1 Terminals 9 | . 9 . . . . Fabricators . | . . . . . . Repair Stations . | . . . . . . Recycling Units 2 | . 2 . . . . Scanalyzers . | . . . . . . Garrison Access . | . . . . . . Terminal Hacks 4 | . 3 . . . 1 Part Schematic 1 | . 1 . . . . Prototype ID Bank 1 | . 1 . . . . Hauler Manifests 1 | . 1 . . . . Derelict Proto ID Bank 1 | . . . . . 1 Fabricator Hacks . | . . . . . . Repair Station Hacks . | . . . . . . Recycling Unit Hacks . | . . . . . . Scanalyzer . | . . . . . . Garrison Access Hacks . | . . . . . . Unauthorized Hacks 1 | . 1 . . . . Terminals . | . . . . . . Fabricators . | . . . . . . Repair Stations . | . . . . . . Recycling Units 1 | . 1 . . . . Tunnel 1 | . 1 . . . . Scanalyzers . | . . . . . . Garrison Access . | . . . . . . Data Cores Recovered 1 | . 1 . . . . Used . | . . . . . . Hacking Detections 5 | . 5 . . . . Full Trace Events . | . . . . . . Feedback Events . | . . . . . . Feedback Blocked . | . . . . . . Robot Schematics Acquired . | . . . . . . Robots Built . | . . . . . . Authchips . | . . . . . . Time . | . . . . . . Total Robot Build Rating . | . . . . . . Part Schematics Acquired 1 | . 1 . . . . Parts Built . | . . . . . . Authchips . | . . . . . . Time . | . . . . . . Total Part Build Rating . | . . . . . . Parts Repaired . | . . . . . . Time . | . . . . . . Parts Recycled . | . . . . . . Recycled Matter . | . . . . . . Retrieved Matter . | . . . . . . Retrieved Components . | . . . . . . Parts Scanalyzed . | . . . . . . Part Schematics Acquired . | . . . . . . Parts Damaged . | . . . . . . Bothacking | -11 -10 -10 -9 -9 -9 ------------ Run | Jun Mat Min Mat Min Exi Used RIF Installer . | . . . . . . Robots Hacked . | . . . . . . Non-combat . | . . . . . . Combat . | . . . . . . Robot Hacks Applied . | . . . . . . Relay Couplers Released . | . . . . . . Fabnet Peak Effective % . | . . . . . . Robots Rewired . | . . . . . . Allies Hacked . | . . . . . . Hacks Repelled . | . . . . . . Allies | -11 -10 -10 -9 -9 -9 -------- Run | Jun Mat Min Mat Min Exi Total Allies 3 | . . 3 . . . Largest Group 3 | . . 3 3 . . Highest-Rated Group 40 | . . 40 40 . . Highest-Rated Ally 16 | . . 16 16 . . Total Orders . | . . . . . . Ally Attacks 25 | . . . 25 . . Total Damage 245 | . . . 245 . . Kills 8 | . . . 8 . . Allies Corrupted . | . . . . . . Allies Melted . | . . . . . . Intel | -11 -10 -10 -9 -9 -9 ------- Run | Jun Mat Min Mat Min Exi Robot Analysis Total . | . . . . . . Derelict Logs Recovered 1 | . . 1 . . . Drone Launches . | . . . . . . Drone Recoveries . | . . . . . . Exploration | -11 -10 -10 -9 -9 -9 ------------- Run | Jun Mat Min Mat Min Exi Turns Passed 3061 | . 1084 617 425 227 708 Spaces Moved 1611 | 1 613 330 203 136 328 Core . | . . . . . . Treads 1368 | . 371 330 203 136 328 Legs 243 | 1 242 . . . . Wheels . | . . . . . . Hover . | . . . . . . Flight . | . . . . . . Fastest Speed 120 | 120 120 160 160 160 160 Average Speed 153 | 120 144 160 160 160 160 Slowest Speed 160 | 120 160 160 160 160 160 Overloaded Moves . | . . . . . . Propulsion Burnouts . | . . . . . . Robots Hopped . | . . . . . . Cave-ins Triggered . | . . . . . . Exploration Rate (%) 43 | 2 81 82 23 15 59 Regions Visited 5 Branch Regions 3 Pre-discovered Areas 2 | . 1 1 . . . Known Exits Taken 2 | . 1 1 . . . Unknown Exits Taken 3 | 1 . . 1 1 . Scrap Searched 1 | . . 1 . . . Spaces Dug 11 | . 11 . . . . Terrain Destroyed 127 | . 95 . 20 . 12 Melee . | . . . . . . Projectile . | . . . . . . AOE 127 | . 95 . 20 . 12 Terrain Rammed . | . . . . . . Walls Destroyed . | . . . . . . Machines Disabled . | . . . . . . Actions | -11 -10 -10 -9 -9 -9 --------- Run | Jun Mat Min Mat Min Exi Total 1925 | . 727 368 263 139 428 Wait 42 | . 25 . 1 . 16 Move 1606 | . 612 329 202 135 328 Hop . | . . . . . . Pick Up 30 | . 12 5 10 . 3 Fast Attach 5 | . 2 . 3 . . Attach 13 | . 2 1 1 . 9 Detach 2 | . . . . . 2 Swap 20 | . 11 . 5 . 4 Drop 32 | . 11 2 12 . 7 Fire 168 | . 50 27 28 4 59 Melee . | . . . . . . Ram . | . . . . . . Kick . | . . . . . . Crush 6 | . 2 3 1 . . Escape Stasis . | . . . . . . Rewire . | . . . . . . Trap 1 | . . 1 . . . Miscellaneous . | . . . . . . Route ------- -11/Junkyard -10/Materials (discovered 4 exits: *Mat x2 / *Min x2) -10/Mines -9/Materials -9/Mines -9/Exiles History --------- Turn | Location | Event 1 | -11/Junkyard | Discovered new exit (range 0) 1 | -11/Junkyard | Entered Materials 157 | -10/Materials | Discovered new exit (range 16) 248 | -10/Materials | Identified exit to Materials 310 | -10/Materials | Build established: Mutant 367 | -10/Materials | Discovered new exit (range 11) 379 | -10/Materials | Identified exit to Mines 511 | -10/Materials | Discovered exit to Materials (range 16) 1041 | -10/Materials | Discovered exit to Mines (range 16) 1085 | -10/Materials | Entered Mines 1092 | -10/Mines | Learned location of Zion (-7) 1097 | -10/Mines | Found a hidden stash of uninstalled traps 1232 | -10/Mines | Core integrity fell below 50% 1403 | -10/Mines | Assisted by bots powering up and referring to "LRC-V3" 1550 | -10/Mines | Discovered exit to Materials (range 2) 1557 | -10/Mines | Received a Rocket Launcher from a helpful Derelict 1702 | -10/Mines | Entered Materials 1702 | -9/Materials | Accompanied by 3 allies 1702 | -9/Materials | Evolved 2 slots: Propulsion x1, Utility x1 2086 | -9/Materials | Discovered new exit (range 10) 2127 | -9/Materials | Entered Mines 2175 | -9/Mines | Deemed a non-threat by the Exiles lab entrance 2175 | -9/Mines | Discovered new exit (range 5) 2354 | -9/Mines | Entered Exiles 2394 | -9/Exiles | Met 8R-AWN 2422 | -9/Exiles | Met EX-HEX 2468 | -9/Exiles | Met EX-BIN 2486 | -9/Exiles | Aligned with FarCom system 2487 | -9/Exiles | Given EX-Vault access code 2524 | -9/Exiles | Opened EX-Vault 2562 | -9/Exiles | Warned to stay clear of 0b10 Research branches 2791 | -9/Exiles | Met EX-DEC 2811 | -9/Exiles | Attacked by the Exiles 3011 | -9/Exiles | Core integrity fell below 50% 3015 | -9/Exiles | Lost 8 parts (1p5n2w) 3046 | -9/Exiles | Core integrity fell below 20% 3062 | -9/Exiles | Destroyed by 8R-AWN with 8R-AWN's Boregun Last Messages --------------- 03035_ Imp. Treads destroyed. 03035_ HV Slug penetrates Earth. 03035_ Penetrated by HV Slug. 03035_ HV Slug penetrates Earth. 03041_ HV Slug penetrates Wall. 03041_ HV Slug penetrates Earth. 03041_ Penetrated by HV Slug. 03041_ HV Slug penetrates Earth. 03045_ Penetrated by HV Slug. 03045_ HV Slug penetrates Earth. 03045_ Penetrated by HV Slug. 03045_ Critical hit (Destroy). 03045_ Lgt. Assault Rifle destroyed. 03045_ HV Slug penetrates Earth. 03049_ Penetrated by HV Slug. 03049_ HV Slug penetrates Earth. 03049_ Penetrated by HV Slug. 03058_ HV Slug penetrates Wall. 03058_ HV Slug penetrates Earth. 03058_ Penetrated by HV Slug. Map ----- +----------------------------------------------------+ | ???????????????????????????????????????????????? | | ???????????????????????????????????????????????? | | ???????????????????????????????????????????????? | | ???????????????????????????????????????????????? | | ???????????????????????????????????????????????? | | ???????????????????????????????????????????????? | | ???????????????????????????????????????????????? | | ???????????????????????????????????????????????? | | ???????????????????????????????????????????????? | | ???????????????????????????????????????????????? | | ???????????????????????????????????????????????? | | ????????????????????????????????????#######????? | | ?????????????????????? ######???????#!!! "#????? | | ?????????????????? ?? #""#??????# "#????? | | ??????????????????? ? ?????## ##???? | | ???????????????????# #????# " #???? | | ????????????????????" #####" ##???? | | ?????????????????????# ## #???? | | ??????????????????????# #"" ###???? | | ???????????????????????""# ##???? | | ????????????????????????#"### ##??? | | ????????????????????##??## #### ##?? | | ????????????????????# ###;#;## # #?? | | ????????????????????# ; !! "#?? | | ???????????????########! ###" ""## | | ???????? ;@ g "#?##" "" | | ???????????????########! ##??#" | | ??????????????????????# ! """""###???#"# | | ??????????????????????##########?????#### | | ????????????????????????????????????????### | | ??????????????????????????????????????????### | | ????????????????????????????????????????????## | | ?????????????????????????????????????????????## | | ??????????????????????????????????????????????## | | ???????????????????????????????????????????????# | | ???????????????????????????????????????????????# | | ???????????????????????????????????????????????" | | ??????????????????????????????????????????????#" | | ???????????????????????????????????????????????" | | ???????????????????????????????????????????????" | | ???????????????????????????????????????????????" | | ???????????????????????????????????????????????" | | ???????????????????????????????????????????????" | | ???????????????????????????????????????????????? | | ???????????????????????????????????????????????? | | ???????????????????????????????????????????????? | | ???????????????????????????????????????????????? | | ???????????????????????????????????????????????? | | ???????????????????????????????????????????????? | | ???????????????????????????????????????????????? | +----------------------------------------------------+ Best States ------------- Heat Dissipation 28 Energy Generation 14 Energy Capacity 250 Matter Stores 300 Matter Capacity 300 Sight Range 16 Terrain Scan Density 10 Evasion (%) 55 Targeting Accuracy 12 Recoil Reduction 3 Item Schematics ----------------- Hcp. Storage Unit | -10/Materials | Hacked Robot Schematics ------------------ None Fabricated ------------ Nothing Alien Tech Used ----------------- None Achievements -------------- None Challenges ------------ None Game ------ Seed MetafiberGrapheneBroadsword Manual? 0 Play Time 00:20:56 Cumulative 468.5 hours Start 2023.10.09 @ 14:37:08 End 2024.04.04 @ 12:32:39 Sessions 1 Manual Loads 0 Difficulty Rogue Special Mode None Game No. 517 Rogue 517 Adventurer 0 Explorer 0 Win Type - Total 13 Types 9/0/3/1/0/0/0/0/0 Lore% 82 Gallery% 90 Achievement% 81 Wizard Run 0 Options --------- ASCII 0 Keyboard 0 Movement Mouse Keybinds 0 Fullscreen 1 Font 18/Terminus Map View 76x50 Tactical HUD 1 Map Filters NONE Filters NONE Steam 1 RUN: 25909478-58f9-4632-8351-94548114fa9d